 Dungeon Crawl Stone Soup version 0.30-b1-2-g02819fbbbe (webtiles) character file.

Game seed: 10283516455666032012

5376 Arzdou the Fighter (level 10, -1/85 HPs)
             Began as a Human Artificer on May 23, 2023.
             Was an Elder of the Shining One.
             Slain by a wraith (6 damage)
             ... on level 10 of the Dungeon.
             The game lasted 00:30:06 (13331 turns).

Arzdou the Fighter (Human Artificer)               Turns: 13331, Time: 00:30:06

Health: -1/85      AC: 18    Str: 17    XL:     10   Next: 97%
Magic:  10/10      EV:  4    Int: 11    God:    the Shining One [****..]
Gold:   250        SH:  7    Dex: 14    Spells: 9/9 levels left

rFire   . . .        C - +0 whip (freeze)
rCold   . . .        e - +0 kite shield
rNeg    + + .        K - +0 plate armour
rPois   +            r - +1 helmet
rElec   .            (no cloak)
rCorr   .            S - +0 pair of gloves
SInv    .            y - +0 pair of boots
Will    +....        j - amulet of magic regeneration Stlth
                     H - ring of poison resistance
HPRegen 0.34/turn    v - ring of willpower
MPRegen 0.52/turn

%: no passive effects
@: slowed, glowing, very slow
A: no striking features
a: Renounce Religion, Divine Shield, Cleansing Flame


You were on level 10 of the Dungeon.
You worshipped the Shining One.
The Shining One was greatly pleased with you.
You visited 2 branches of the dungeon, and saw 11 of its levels.
You also visited: Ossuary.

You collected 450 gold pieces.
You spent 200 gold pieces at shops.

Inventory:

Hand Weapons
 a - a +0 club
 h - a +0 demon blade
 C - a +0 whip of freezing (weapon)
Missiles
 J - 20 poisoned darts
 O - a throwing net
Armour
 e - a +0 kite shield (worn)
 r - a +1 helmet (worn)
 y - a +0 pair of boots (worn)
 K - a +0 plate armour (worn)
 S - a +0 pair of gloves (worn)
Jewellery
 j - an amulet of magic regeneration (around neck)
 l - a +6 ring of dexterity
 o - a ring of protection from cold
 v - a ring of willpower (right hand)
 H - a ring of poison resistance (left hand)
 N - a ring of fire
Wands
 b - a wand of digging (9)
 d - a wand of charming (20)
 f - a wand of roots (13)
Scrolls
 c - 2 scrolls of immolation
 i - 3 scrolls of magic mapping
 k - a scroll of blinking
 m - a scroll of poison
 q - 4 scrolls of fear
 G - 2 scrolls of brand weapon
 P - a scroll of enchant armour
Potions
 g - 3 potions of lignification
 p - a potion of might
 t - 2 potions of attraction
 x - 4 potions of magic
 z - 4 potions of curing
 A - 4 potions of flight
 B - 2 potions of heal wounds
 D - a potion of berserk rage {unknown}
 E - 2 potions of haste
 F - a potion of resistance {unknown}
 I - a potion of mutation {unknown}
 M - 2 potions of degeneration {unknown}
 R - a potion of brilliance {unknown}


   Skills:
 - Level 10.0 Fighting
 - Level 6.0 Long Blades
 - Level 7.0 Maces & Flails
 + Level 7.7 Armour
 - Level 1.0 Dodging
 - Level 1.0 Stealth
 - Level 3.0 Evocations


You had 9 spell levels left.
You didn't know any spells.
Your spell library contained the following spells:

 Spells                   Type           Power      Damage    Failure   Level
 Sandblast                Erth           0%         2d4       100%        1
 Passwall                 Tmut/Erth      0%         N/A       100%        2
 Frozen Ramparts          Ice            0%         1d1       100%        3
 Gell's Gravitas          Tloc           0%         N/A       100%        3
 Inner Flame              Hex/Fire       0%         N/A       100%        3
 Stone Arrow              Conj/Erth      0%         3d7       100%        3
 Teleport Other           Tloc           0%         N/A       100%        3
 Flame Wave               Conj/Fire      0%         2d4       100%        4
 Ice Form                 Ice/Tmut       0%         N/A       100%        4
 Olgreb's Toxic Radiance  Pois           0%         N/A       100%        4
 Sticky Flame             Conj/Fire      0%         2d3       100%        4
 Summon Ice Beast         Ice/Summ       0%         N/A       100%        4
 Dispersal                Tloc           0%         N/A       100%        6
 Discord                  Hex            0%         N/A       100%        8
 Ignition                 Fire           0%         3d3       100%        8


Dungeon Overview and Level Annotations

Branches:
Dungeon (10/15)            Temple (1/1) D:4         Ossuary (visited)
   Lair: D:8-11         Orc: D:9-12

Altars:
Cheibriados
Elyvilon
Fedhas
Kikubaaqudgha
Okawaru
Qazlal
Ru
Sif Muna
Trog
Uskayaw
Wu Jian
Xom
Yredelemnul
Zin
The Shining One

Shops:
D:1 *   D:5 :[=*

Annotations:
D:7 2 transporters, ketsa's ghost, novice DECj
D:8 1 runed translucent door, Notanamesir's ghost, novice MfGl


Message History

An orc priest comes into view. It is wielding a +0 war axe.
The wraith hits you but does no damage.
You hit the wraith but do no damage.
The wraith is moderately damaged.
You block the wraith's attack.
You hit the wraith but do no damage.
The wraith is moderately damaged.
The wraith hits you but does no damage. You block the wraith's attack.
You whack the wraith! You freeze the wraith.
The wraith is heavily damaged.
The orc priest barely misses you. The wraith hits you but does no damage.
You hit the wraith but do no damage.
The wraith is heavily damaged.
You block the wraith's attack.
The orc priest hits you with a +0 war axe.
The orc priest looks satisfied for a moment.
The wraith hits you! The wraith drains your vigour!
You feel as though you will be slow longer.
You hit the orc priest but do no damage.
You hear the creaking of a very distant portcullis.
The orc priest hits you with a +0 war axe.
The wraith hits you!
* * * LOW HITPOINT WARNING * * *
You whack the orc priest! You freeze the orc priest.
The orc priest is severely wounded.
The orc priest invokes the aid of Beogh against you.
Beogh smites you!
* * * LOW HITPOINT WARNING * * *
The wraith hits you but does no damage.
You hit the orc priest. You freeze the orc priest.
The orc priest is severely wounded.
The wraith hits you but does no damage.
The orc priest hits you but does no damage. x2
The wraith barely misses you.
You whack the orc priest! You freeze the orc priest.
You kill the orc priest!
The Shining One accepts your kill.
An orc warrior comes into view. It is wielding a +0 dire flail.
The wraith hits you.
You die...

##+#####+###
#..........#
#......#...#
#..........#
#.......#
####.#..##.#
...........#
.##.###....# ..
#.@..#.############
.
#W#)..............#
#.#......#####....+
#.#............[..#
###o#............<#
.'.#.............#
#.#....########...#
.'.#....# #...# .#
#....# #...#


You could see a wraith and an orc warrior.

Vanquished Creatures
  A wraith (D:9)
  A steam dragon (D:5)
  An acid dragon (D:10)
  3 water moccasins
  An ice beast (D:5)
  3 orc warriors
  3 sky beasts
  2 ogres
  2 centaurs
  A kobold brigand (D:9)
  A phantom (D:4)
  An elf zombie (D:5)
  A bullfrog (D:9)
  An elf skeleton (D:5)
  A gnoll sergeant (D:9)
  4 scorpions
  5 wights
  31 killer bees (D:8)
  6 howler monkeys
  5 centaur zombies (Ossuary)
  2 jellies
  3 hounds
  8 orc priests
  A gnoll bouda (D:6)
  A human skeleton (D:5)
  2 iguanas (D:8)
  A scorpion zombie (Ossuary)
  An orc wizard (D:6)
  An ogre zombie (Ossuary)
  12 gnolls
  10 adders
  2 shadow imps
  5 white imps
  2 ufetubi
  An adder zombie (Ossuary)
  5 worms
  4 dart slugs
  28 orcs
  10 ball pythons
  2 endoplasms
  A giant cockroach (D:2)
  3 goblins
  7 hobgoblins
  9 jackals
  3 quokkas
  9 bats
  2 frilled lizards (D:1)
  4 goblin zombies (Ossuary)
  3 hobgoblin zombies (Ossuary)
  10 kobolds
  2 orc skeletons (D:5)
  7 orc zombies
  4 rats
239 creatures vanquished.

Vanquished Creatures (collateral kills)
  A water moccasin zombie (Ossuary)
  A centaur zombie (Ossuary)
  A sleepcap (D:5)
  An ogre zombie (Ossuary)
  2 gnolls (D:9)
  An adder (D:5)
  An orc (D:6)
  A goblin zombie (Ossuary)
9 creatures vanquished.

Vanquished Creatures (others)
  A killer bee (D:8)
  A hound (D:5)
  An orc priest (D:6)
  An iguana (D:5)
  An orc wizard (D:8)
  An orc (D:6)
  7 fungi (D:6)
  8 plants
21 creatures vanquished.

Grand Total: 269 creatures vanquished

Notes
Turn   | Place    | Note
-------+----------+-------------------------------------------
     0 | D:1      | Arzdou the Human Artificer began the quest for the Orb.
     0 | D:1      | Reached XP level 1. HP: 15/15 MP: 1/1
    60 | D:1      | Reached skill level 1 in Maces & Flails
   156 | D:1      | Found a faded altar of an unknown god.
   168 | D:1      | Reached XP level 2. HP: 20/21 MP: 2/2
   263 | D:1      | Reached skill level 1 in Long Blades
   292 | D:1      | Found Kocvodem's Assorted Antiques.
   435 | D:1      | Reached XP level 3. HP: 23/26 MP: 3/3
  1183 | D:2      | Reached XP level 4. HP: 23/32 MP: 4/4
  1983 | D:3      | Reached XP level 5. HP: 37/37 MP: 5/5
  2019 | D:3      | Found a large runed translucent door.
  2393 | D:3      | Found a large runed translucent door.
  2394 | D:3      | Found a shimmering altar of Xom.
  2487 | D:4      | Found a sacrificial altar of Ru.
  2504 | D:4      | Noticed a phantom
  2511 | D:4      | Killed a phantom
  2556 | D:4      | Reached XP level 6. HP: 43/43 MP: 6/6
  2765 | D:4      | Noticed a sky beast
  2785 | D:4      | Killed a sky beast
  2786 | D:4      | Reached skill level 5 in Long Blades
  3447 | D:4      | Found a staircase to the Ecumenical Temple.
  3466 | Temple   | Entered the Ecumenical Temple
  3470 | Temple   | Became a worshipper of the Shining One
  3597 | D:5      | Entered Level 5 of the Dungeon
  3714 | D:5      | Reached XP level 7. HP: 13/48 MP: 7/7
  3867 | D:5      | Found a sand-covered staircase.
  3956 | Ossuary  | Entered an ossuary
  3983 | Ossuary  | Reached * piety under the Shining One
  4265 | Ossuary  | Reached ** piety under the Shining One
  4289 | Ossuary  | Reached skill level 5 in Maces & Flails
  4325 | Ossuary  | Reached XP level 8. HP: 54/54 MP: 8/8
  4430 | Ossuary  | Noticed a silent spectre
  4684 | D:5      | Was placed under penance by the Shining One
  4784 | D:5      | Found Wecic's Jewellery Emporium.
  4884 | D:5      | Reached skill level 2 in Fighting
  5095 | D:5      | Found Utaceaj's Armour Boutique.
  5118 | D:5      | Reached skill level 3 in Fighting
  5145 | D:5      | Bought a ring of poison resistance for 200 gold pieces
  5575 | D:5      | Found Nepuezos's Assorted Antiques.
  5672 | D:5      | Reached skill level 4 in Fighting
  5672 | D:5      | Reached XP level 9. HP: 19/66 MP: 9/9
  5854 | D:5      | Found Udytukat's Book Boutique.
  6107 | D:6      | HP: 3/67 [orc warrior/+0 battleaxe (20)]
  6110 | D:6      | Reached skill level 5 in Fighting
  6530 | D:6      | Reached skill level 6 in Fighting
  6748 | D:6      | Was forgiven by the Shining One
  7106 | D:6      | Reached skill level 7 in Fighting
  8263 | D:7      | Reached skill level 8 in Fighting
  8337 | D:7      | Found a transporter.
  8337 | D:7      | Identified the +0 spear "Vugy Yho" {pain, rC- Will+ Str+4}
  8404 | D:7      | Found a transporter.
  8661 | D:7      | Reached *** piety under the Shining One
  9095 | D:7      | Identified the ring "Tunow" {rF+ Int+3}
  9099 | D:7      | Noticed ketsa's ghost (novice DECj)
  9495 | D:7      | Reached skill level 9 in Fighting
  9495 | D:7      | Reached XP level 10. HP: 43/78 MP: 10/10
  9673 | D:8      | Found a runed translucent door.
  9673 | D:8      | Noticed Notanamesir's ghost (novice MfGl)
 10349 | D:8      | Reached skill level 10 in Fighting
 10876 | D:8      | Reached skill level 5 in Armour
 11312 | D:8      | Found a bloodstained altar of Trog.
 11676 | D:8      | Reached **** piety under the Shining One
 11680 | D:8      | Noticed an elephant
 12300 | D:9      | Noticed a molten gargoyle
 12300 | D:9      | Noticed a molten gargoyle
 12301 | D:9      | Noticed a molten gargoyle
 12663 | D:9      | Noticed a molten gargoyle
 13190 | D:10     | Entered Level 10 of the Dungeon
 13329 | D:10     | HP: 4/85 [orc priest/divine providence (15)]
 13331 | D:10     | Slain by a wraith

Illustrated notes

Levels and vault maps discovered:
D:1:      dpeg_arrival_court, layout_basic, ebering_ecumenical_altar_rust,
          serial_shops, nicolae_shop_back_alley_shop
D:2:      layout_basic, chequers_serial_rivers_micro_e, item_on_display_b
D:3:      due_chaos_kobolds, layout_loops_ring, minivault_26
D:4:      layout_loops_corners, nicolae_ru_the_path_less_chosen,
          temple_fountains
D:5:      layout_basic, serial_shops, nicolae_shop_just_a_little_nook,
          nicolae_shop_getting_attention, nicolae_shop_back_alley_shop, shop,
          nicolae_ossuary_entry_catacombs, serial_bayou_pond_e,
          eino_small_chamber_without_monster
D:6:      layout_gridville, dreamdust_gnoll_farm
D:7:      layout_rooms, gammafunk_ghost_gnarly_gnolls
D:8:      wad_woods_minihive, layout_basic, trog_butcher_becter,
          hellmonk_ghost_happy_afterlife
D:9:      layout_loops_ring, chequers_serial_rivers_small_a,
          roderic_st_hans_cross, minivault_8
D:10:     layout_stronghold, mainiacjoe_overflow_cross_hatched,
          gammafunk_temple_overflow_forgotten,
          kennysheep_orc_monster_closet_entryway, enter_bailey_5, serial_shops,
          kennysheep_mini
Temple:   nicolae_temple_x_marks_the_god

Skill      XL: |  1  2  3  4  5  6  7  8  9 10 |
---------------+-------------------------------+-----
Maces & Flails | 1 2 5 7 |  7.0
Long Blades    | 1 2 3 4 6 |  6.0
Fighting       | 4 9 10 | 10.0
Armour         | 7 |  7.7
Dodging        | |  1.0
Stealth        | |  1.0
Evocations     | |  3.0

Action                     |  1- 3 |  4- 6 |  7- 9 | 10-12 || total
---------------------------+-------+-------+-------+-------++-------
  Melee: Club              |    15 |       |       |       ||    15
         Demon blade       |   112 |   122 |       |       ||   234
         Whip              |       |    36 |   718 |   497 ||  1251
  Throw: Throwing net      |       |       |     1 |       ||     1
 Invoke: Divine Shield     |       |       |     1 |       ||     1
         Cleansing Flame   |       |       |       |     1 ||     1
  Evoke: Wand              |       |     9 |    45 |     7 ||    61
    Use: Scroll            |       |       |    11 |    12 ||    23
         Potion            |       |       |     6 |     3 ||     9
   Stab: Sleeping          |     4 |       |       |       ||     4
 Armour: Leather armour    |    34 |       |       |       ||    34
         Ring mail         |     7 |       |       |       ||     7
         Chain mail        |       |    94 |   257 |       ||   351
         Plate armour      |       |       |   179 |   314 ||   493
  Dodge: Dodged            |    87 |    49 |   211 |   117 ||   464
  Block: Buckler           |       |    32 |   137 |    81 ||   250
         Kite shield       |       |       |       |    25 ||    25
